 Dungeon Crawl Stone Soup version 0.28.0 (webtiles) character file.

Game seed: 6373648290295609191

79 themarg the Caller (level 4, -4/30 HPs)
             Began as a Merfolk Summoner on Feb 11, 2022.
             Killed from afar by a white imp (11 damage)
             ... with a puff of frost
             ... summoned by Natasha
             ... on level 2 of the Dungeon.
             The game lasted 00:06:09 (2342 turns).

themarg the Caller (Merfolk Summoner)               Turns: 2342, Time: 00:06:10

Health: -4/30      AC:  2    Str:  8    XL:     4   Next: 37%
Magic:  4/7        EV: 13    Int: 16    God:
Gold:   59         SH:  0    Dex: 14    Spells: 7/8 levels left

rFire   . . .      SeeInvis .   f - +0 short sword
rCold   . . .      Faith    .   (no shield)
rNeg    . . .      Spirit   .   a - +0 robe
rPois   .          Reflect  .   (no helmet)
rElec   .          Harm     .   (no cloak)
rCorr   .          Rampage  .   (no gloves)
Will    .....                   (no boots)
Stlth   ++........              (no amulet)
HPRegen 0.10/turn               (no ring)
MPRegen 0.10/turn               (no ring)

@: no status effects
A: (nimble swimmer 2), mertail
a: no special abilities


You were on level 2 of the Dungeon.
You visited 1 branch of the dungeon, and saw 2 of its levels.

You collected 59 gold pieces.

Inventory:

Hand Weapons
 c - a +0 club
 f - a +0 short sword (weapon)
Missiles
 d - 46 stones
Armour
 a - a +0 robe (worn)
Scrolls
 g - a scroll of noise {unknown}
Potions
 b - 2 potions of curing {unknown}
 e - a potion of flight {unknown}


   Skills:
 + Level 0.1 Fighting
 + Level 3.5 Dodging
 + Level 2.6 Stealth
 + Level 2.5 Spellcasting
 + Level 4.9 Summonings


You had 7 spell levels left.
You knew the following spells:

 Your Spells              Type           Power      Damage    Failure   Level
a - Summon Small Mammal   Summ           68%        N/A       2%          1

Your spell library contained the following spells:

 Spells                   Type           Power      Damage    Failure   Level
 Call Imp                 Summ           17%        N/A       3%          2
 Call Canine Familiar     Summ           17%        N/A       8%          3
 Summon Guardian Golem    Hex/Summ       9%         N/A       22%         3
 Summon Lightning Spire   Summ/Air       9%         N/A       56%         4


Dungeon Overview and Level Annotations

Branches:
Dungeon (2/15)

Altars:

Annotations:
D:2 Natasha


Innate Abilities, Weirdness & Mutations

((You are very nimble when in or above water. (Stealth+, EV+, Speed+++)))
Your lower body shifts to a powerful aquatic tail in water.


Message History

Natasha stares at you and mumbles some strange words.
The magic dart hits you. The white imp barely misses your bat.
Your bat hits the white imp.
Your quokka closely misses Natasha.
Your bat misses Natasha.
Your quokka bites Natasha.
Natasha barely misses your bat.
Your quokka barely misses Natasha.
A white imp is nearby!
You start resting.
A white imp is nearby!
Casting: Summon Small Mammal (safe; 2% risk of failure)
Confirm with . or Enter, or press ? or * to list all spells.
Something claws your rat.
Your rat dies!
Your rat's corpse disappears in a puff of smoke!
Casting: Summon Small Mammal (safe; 2% risk of failure)
Confirm with . or Enter, or press ? or * to list all spells.
The white imp gestures at you. The puff of frost misses you.
You swap places.
Your rat bites the white imp but does no damage.
The white imp hits your rat. The white imp freezes your rat.
Your rat dies!
Your rat's corpse disappears in a puff of smoke!
Your quokka closely misses Natasha.
The white imp gestures at you. The puff of frost misses you.
The white imp gestures at you. The puff of frost hits you!
Natasha misses something.
The white imp gestures at you. The puff of frost hits you!
* * * LOW HITPOINT WARNING * * *
Casting: Summon Small Mammal (safe; 2% risk of failure)
Confirm with . or Enter, or press ? or * to list all spells.
Natasha barely misses something.
The white imp gestures at you. The puff of frost misses you.
Your quokka barely misses the white imp.
The white imp gestures at you. The puff of frost hits you!
You die...

....... #.###### ....... #......#
....... #......# ....... #......#
....#####.###### ##..........#
..########..###### ########.
>................# ###......†.
.).......#..##.#@######hr....5...
.#########..##.#......#.#........
............##.#......#.#####.bh.
.#########.###.#....r5#.######.r.
.(...... ...........h.r..........
..##.#...........#..###.######.#.
#.# .........##.# #......#.#.
#'## .......##.. ######.# ...#
.......#....


You could see Natasha (ally target), a white imp (summoned, ally target) and 2
friendly quokkas.

Vanquished Creatures
  Natasha (D:2)
  A dart slug (D:1)
  A bat (D:2)
  A goblin (D:1)
  A hobgoblin (D:1)
  A ball python (D:2)
  A kobold (D:2)
  A rat (D:1)
8 creatures vanquished.

Vanquished Creatures (collateral kills)
  Natasha (D:2)
  An adder (D:2)
  A ball python (D:2)
  An endoplasm (D:1)
  A giant cockroach (D:1)
  A hobgoblin (D:1)
  2 kobolds (D:1)
  A bat (D:2)
  A frilled lizard (D:2)
  3 rats
13 creatures vanquished.

Grand Total: 21 creatures vanquished

Notes
Turn   | Place    | Note
-------+----------+-------------------------------------------
     0 | D:1      | themarg the Merfolk Summoner began the quest for the Orb.
     0 | D:1      | Reached XP level 1. HP: 13/13 MP: 3/3
   513 | D:1      | Found a faded altar of an unknown god.
   556 | D:1      | Reached XP level 2. HP: 16/19 MP: 5/5
  1474 | D:2      | Noticed Natasha
  1486 | D:2      | Killed Natasha
  1487 | D:2      | Reached XP level 3. HP: 14/24 MP: 6/6
  1838 | D:2      | Noticed Natasha
  1856 | D:2      | Killed Natasha
  1857 | D:2      | Reached XP level 4. HP: 8/30 MP: 4/7
  2317 | D:2      | Noticed Natasha
  2342 | D:2      | Killed from afar by a white imp

Illustrated notes

Levels and vault maps discovered:
D:1:      dpeg_arrival_lava_altar, layout_basic,
          shapermc_ecumenical_altar_flowoftime
D:2:      layout_basic, uniq_crazy_yiuf_cottage, uniq_sigmund, uniq_natasha

Skill      XL: |  1  2 |
---------------+-------+-----
Dodging        | 3 |  3.5
Fighting       | |  0.1
Stealth        | |  2.6
Spellcasting   | |  2.5
Summonings     | |  4.9

Action                   |  1- 3 |  4- 6 || total
-------------------------+-------+-------++-------
Melee: Club              |     5 |       ||     5
       Short sword       |    40 |     7 ||    47
       Punch             |     1 |       ||     1
 Cast: Summon Small Mamm |    20 |     9 ||    29
 Stab: Sleeping          |     1 |       ||     1
Armor: Robe              |    16 |     1 ||    17
Dodge: Dodged            |    41 |     7 ||    48
